 Dungeon Crawl Stone Soup version 0.17.1-1-g73c8601 (webtiles) character file.

924 Implojin the Grappler (level 7, -9/66 HPs)
             Began as a Troll Monk on Apr 6, 2016.
             Was a Priest of Okawaru.
             Mangled by a hill giant
             ... wielding a +0 giant club
              (29 damage)
             ... on level 10 of the Dungeon.
             The game lasted 00:05:34 (974 turns).

Implojin the Grappler (Troll Monk)                   Turns: 974, Time: 00:05:34

Health: -9/66      AC:  6    Str: 20    XL:     7   Next: 84%
Magic:  5/6        EV: 14    Int:  6    God:    Okawaru [***...]
Gold:   32         SH:  0    Dex: 14    Spells: 0 memorised, 6 levels left

rFire  . . .     SeeInvis .       - Unarmed
rCold  . . .     Clarity  .     a - +0 robe
rNeg   . . .     SustAt   .     (no shield)
rPois  .         Gourm    +     (helmet restricted)
rElec  .         Spirit   .     m - +0 cloak
rCorr  .         Warding  .     (gloves unavailable)
rMut   .         Stasis   .     (boots unavailable)
MR     .....                    (no amulet)
Stlth  ++........               (no ring)
                                (no ring)

@: about to teleport, heroism, marked, not resistant to hostile enchantments,
unstealthy
A: unfitting armour, claws 3, fast metabolism 3, gourmand, regeneration 2,
shaggy fur 1, tough skin 2
a: Heroism, Renounce Religion


You were on level 10 of the Dungeon.
You worshipped Okawaru.
Okawaru was most pleased with you.
You were very full.

You visited 1 branch of the dungeon, and saw 10 of its levels.

You collected 99 gold pieces.
You spent 67 gold pieces at shops.

Inventory:

Armour
 a - a +0 robe (worn)
 m - a +0 cloak (worn)
Scrolls
 d - a scroll of amnesia
 e - a scroll of random uselessness {unknown}
 f - a scroll of fear {unknown}
 j - a scroll of recharging {unknown}
Potions
 g - a potion of degeneration
 h - a potion of mutation
Comestibles
 b - 3 bread rations
 i - 2 meat rations
 k - 2 chunks of flesh
 l - a beef jerky


   Skills:
 - Level 2.4(7.4) Fighting
 - Level 2.4(7.4) Dodging
 - Level 1.1(6.1) Stealth
 * Level 9.9(14.9) Unarmed Combat


You had 6 spell levels left.
You didn't know any spells.

Dungeon Overview and Level Annotations

Branches:
Dungeon (10/15)
 Temple: D:4-7         Lair: D:8-11         Orc: D:9-12

Altars:
Okawaru

Shops:
D:6 [


Innate Abilities, Weirdness & Mutations

You are too large for most types of armour.
You have claws for hands.
Your metabolism is lightning-fast.
You like to eat raw meat.
You heal very quickly.
You are covered in fur (AC +1).
You have very tough skin (AC +2).


Message History

The vampire mosquito bites you.
* * * LOW HITPOINT WARNING * * *
A vampire mosquito comes into view.
The vampire mosquito bites you.
* * * LOW HITPOINT WARNING * * *
A wight comes into view. It is wielding an enchanted long sword.
The vampire mosquito closely misses you.
Unknown command.
The vampire mosquito bites you!
* * * LOW HITPOINT WARNING * * *
Unknown command.
You mangle the vampire mosquito!!
You destroy the vampire mosquito!
Okawaru is honoured by your kill. The vampire mosquito misses you.
You miss the vampire mosquito.
The vampire mosquito bites you but does no damage.
A hill giant comes into view. It is wielding a giant club.
Drink which item? (? for menu, Esc to quit)
Okay, then.
Read which item? (? for menu, Esc to quit)
Okay, then.
Read which item? (? for menu, Esc to quit)
As you read the scroll labeled TEGRAI LIDU, it crumbles to dust.
You feel strangely unstable.
It was a scroll of teleportation.
The vampire mosquito bites you.
* * * LOW HITPOINT WARNING * * *
The vampire mosquito closely misses you.
You mangle the vampire mosquito!!
The vampire mosquito is almost destroyed.
The vampire mosquito completely misses you.
Unknown command.
You scratch the hill giant but do no damage.
You claw the hill giant!
The hill giant is moderately wounded.
The vampire mosquito barely misses you. The vampire mosquito bites you.
* * * LOW HITPOINT WARNING * * *
The vampire mosquito draws strength from your injuries!
The hill giant hits you with a giant club!!
You die...

#...# #...#
#...#
######...#
..##.......[#
..z.........#
.##..zy....#
####y#...#
#@#y..#
#C#y..#
#.#...#
#.z...#
####.## .# ##


You could see a hill giant, 2 vampire mosquitoes and 2 wights.

Vanquished Creatures
  A vampire mosquito (D:10)
  A sky beast (D:6)
  An ice beast (D:10)
  An orc warrior (D:7)
  A centaur (D:6)
  A giant frog (D:7)
  A killer bee (D:8)
  A crimson imp (D:6)
  A jelly (D:7)
  An orc wizard (D:8)
  A gnoll shaman (D:6)
  2 orc priests (D:7)
  A worker ant (D:6)
  An iguana (D:4)
  8 gnolls
  An ooze (D:4)
  A worm (D:2)
  A giant gecko (D:6)
  5 orcs
  4 bats
  2 hobgoblins
  A kobold (D:2)
  A quokka (D:2)
  A ball python (D:2)
  2 giant cockroaches
  A giant newt (D:2)
  4 rats
47 creatures vanquished.

Notes
Turn   | Place    | Note
--------------------------------------------------------------
     0 | D:1      | Implojin the Troll Monk began the quest for the Orb.
     0 | D:1      | Reached XP level 1. HP: 22/22 MP: 0/0
   197 | D:2      | Found an iron altar of Okawaru.
   200 | D:2      | Became a worshipper of Warmaster Okawaru
   200 | D:2      | Reached * piety under Okawaru
   200 | D:2      | Reached ** piety under Okawaru
   203 | D:2      | Reached XP level 2. HP: 29/29 MP: 1/1
   323 | D:2      | Found an iron altar of Okawaru.
   418 | D:4      | Reached skill level 5 in Unarmed Combat
   418 | D:4      | Reached XP level 3. HP: 16/36 MP: 2/2
   462 | D:5      | Entered Level 5 of the Dungeon
   501 | D:6      | Reached XP level 4. HP: 44/44 MP: 0/3
   504 | D:6      | Reached skill level 6 in Unarmed Combat
   546 | D:6      | Reached XP level 5. HP: 50/50 MP: 4/4
   550 | D:6      | Found Ceestrurgh's Armour Shoppe.
   616 | D:6      | Noticed a centaur
   617 | D:6      | Noticed a sky beast
   625 | D:6      | Killed a centaur
   625 | D:6      | Reached skill level 7 in Unarmed Combat
   625 | D:6      | Reached XP level 6. HP: 23/59 MP: 2/5
   629 | D:6      | Killed a sky beast
   657 | D:6      | Bought a +0 cloak for 67 gold pieces
   682 | D:7      | Reached *** piety under Okawaru
   728 | D:7      | Reached skill level 8 in Unarmed Combat
   751 | D:7      | Reached XP level 7. HP: 46/66 MP: 6/6
   864 | D:8      | Reached skill level 9 in Unarmed Combat
   888 | D:10     | Entered Level 10 of the Dungeon
   972 | D:10     | Noticed a hill giant
   974 | D:10     | Mangled by a hill giant

Action                   |  1- 3 |  4- 6 |  7- 9 || total
-------------------------+-------+-------+-------++-------
Melee: Unarmed           |    50 |    50 |    20 ||   120
Invok: Heroism           |     1 |     1 |     3 ||     5
  Use: Scroll            |       |       |     4 ||     4
 Stab: Distracted        |       |       |     1 ||     1
  Eat: Chunk             |     4 |     8 |     2 ||    14

Table legend:
 A = Turns spent in this place as a percentage of turns spent in the entire game.
 B = Non-inter-level travel turns spent in this place as a percentage of non-inter-level travel turns spent in the entire game.
 C = Inter-level travel turns spent in this place as a percentage of turns spent in this place.
 D = Turns resting spent in this place as a percentage of non-inter-level travel turns spent in this place.
 E = Turns spent auto-exploring this place as a percentage of non-inter-level travel turns spent in this place.
 F = Non-inter-level travel turns spent in this place divided by the number of levels of this place that you've seen.
                   A       B       C       D       E      F
               +-------+-------+-------+-------+-------+----------------------
         Total | 100.0 | 100.0 |   0.0 |   0.0 |   0.0 |  89.3
       Dungeon | 100.0 | 100.0 |   0.0 |   0.0 |   0.0 |  89.3
               +-------+-------+-------+-------+-------+----------------------

Table legend:
 A = Kills in this place as a percentage of kills in entire the game.
 B = Kills by you in this place as a percentage of kills by you in the entire game.
 C = Kills by friends in this place as a percentage of kills by friends in the entire game.
 D = Other kills in this place as a percentage of other kills in the entire game.
 E = Experience gained in this place as a percentage of experience gained in the entire game.
 F = Experience gained in this place divided by the number of levels of this place that you have seen.
                   A       B       C       D       E      F
               +-------+-------+-------+-------+-------+----------------------
         Total | 100.0 | 100.0 |  -nan |  -nan | 100.0 | 132.1
       Dungeon | 100.0 | 100.0 |  -nan |  -nan | 100.0 | 132.1
               +-------+-------+-------+-------+-------+----------------------
